 Dungeon Crawl Stone Soup version 0.30.2 (webtiles) character file.

Game seed: 13332250698438524615

154 Doomgape the Digger (level 5, -4/22 HPs)
             Began as a Meteoran Earth Elementalist on Mar 23, 2024.
             Slain by an ice beast (10 damage)
             ... on level 4 of the Dungeon.
             The game lasted 00:10:38 (2228 turns).

Doomgape the Digger (Meteoran Earth Elementalist)   Turns: 2228, Time: 00:10:39

Health: -4/22      AC:  2    Str:  9    XL:     5   Next: 94%
Magic:  13/13      EV: 12    Int: 19    God:
Gold:   211        SH:  0    Dex: 14    Spells: 8/14 levels left

rFire   . . .        c - +4 glaive
rCold   . . .        (shield currently unavailable)
rNeg    . . .        a - +0 robe
rPois   .            (no helmet)
rElec   .            (no cloak)
rCorr   .            (no gloves)
SInv    .            (no boots)
Will    .....        (no amulet)
Stlth   +            (no ring)
HPRegen 0.23/turn    (no ring)
MPRegen 0.13/turn

%: no passive effects
@: glowing
A: sense surroundings 1, otherworldly, glowing, explore regen
a: no special abilities


You were on level 4 of the Dungeon.
You visited 1 branch of the dungeon, and saw 4 of its levels.

You collected 211 gold pieces.

Inventory:

Hand Weapons
 c - a +4 glaive (weapon)
Armour
 a - a +0 robe (worn)
Magical Staves
 n - a staff of fire
Jewellery
 h - an amulet of faith
Wands
 o - a wand of paralysis (8)
Scrolls
 e - a scroll of identify
 f - a scroll of teleportation
 j - a scroll of vulnerability
Potions
 b - a potion of magic
 k - a potion of lignification {unknown}
 l - a potion of degeneration {unknown}
 m - a potion of resistance {unknown}


   Skills:
 + Level 2.6 Dodging
 - Level 1.4 Stealth
 + Level 5.0 Spellcasting
 + Level 1.5 Transmutations
 + Level 5.3 Earth Magic


You had 8 spell levels left.
You knew the following spells:

 Your Spells              Type           Power      Damage    Failure   Level
a - Sandblast             Erth           50%        2d12      1%          1
b - Stone Arrow           Conj/Erth      30%        3d8       12%         3
c - Passwall              Tmut/Erth      14%        N/A       4%          2

Your spell library contained the following spells:

 Spells                   Type           Power      Damage    Failure   Level
 Petrify                  Tmut/Erth      17%        N/A       30%         4
 Dazzling Flash           Conj/Hex       8%         N/A       36%         3
 Volatile Blastmotes      Fire/Tloc      8%         2d10      36%         3
 Iskenderun's Mystic Bla  Conj/Tloc      4%         2d3       77%         4
 Starburst                Conj/Fire      2%         6d3       100%        6


Dungeon Overview and Level Annotations

Branches:
Dungeon (4/15) Zot: 519
 Temple: D:4-7

Altars:
Gozag
Qazlal
Uskayaw

Shops:
D:2 [

Annotations:
D:4 1 runed translucent door, dialouliti's ghost, amateur MiFi


Innate Abilities, Weirdness & Mutations

You passively map a small area around you.
You are easily found by Zot.
You glow in the dark.
You regain HP and MP as you explore.


Message History

You start memorising the spell.
You continue memorising. x3
You finish memorising.
Spell assigned to 'b'.
Memorise Passwall, consuming 2 spell levels and leaving 8?
You start memorising the spell.
You continue memorising. x2
You finish memorising.
Spell assigned to 'c'.
A ball python comes into view.
You barely miss the ball python. The ball python closely misses you.
The ball python grabs you. The ball python constricts you.
The ball python barely misses you. The ball python constricts you.
You slash the ball python!
You kill the ball python!
No target in view!
Found a stone staircase leading down.
A dart slug comes into view.
A dart slug is nearby!
No target in view!
No target in view!
Found a scroll of identify and 2 potions of curing.
You slash the dart slug!
You kill the dart slug!
No target in view!
Dialouliti's ghost turns its malevolent gaze towards you.
Found a runed translucent door.
A ball python comes into view.
The ball python hisses angrily.
A ball python is nearby!
An ice beast comes into view.
You closely miss the ball python. The ball python barely misses you.
The ball python grabs you. The ball python constricts you.
The ball python bites you. The ball python constricts you.
You hit the ball python.
You kill the ball python!
You reach to attack!
You completely miss the ice beast. You barely miss the ice beast.
The ice beast hits you. The ice beast freezes you!
Ouch! That really hurt!
The ice beast hits you.
* * * LOW HITPOINT WARNING * * *
The ice beast freezes you!
You die...

* , ............
* **#............
,
###.............
, * **
................,
, *
................
.#+#........... *
,
##.##.†Y#......,
##...##.@.#.#, ,,
* ##.....##....#*
*,
.#⌠.!♣?.W#...## *
..##.....##...#
...##...##...##
#...##⌠##...##
#...###....#
#........##
#........#


You could see an ice beast and dialouliti's ghost.

Vanquished Creatures
  Jessica (D:2)
  Ijyb (D:3)
  An adder (D:2)
  2 worms
  5 dart slugs
  7 orcs
  9 endoplasms
  A giant cockroach (D:2)
  9 goblins
  3 hobgoblins (D:1)
  3 jackals (D:1)
  2 kobolds
  3 quokkas
  8 ball pythons
  4 bats
  4 frilled lizards
  4 rats
67 creatures vanquished.

Notes
Turn   | Place    | Note
-------+----------+-------------------------------------------
     0 | D:1      | Doomgape the Meteoran Earth Elementalist began the quest
                  | for the Orb.
     0 | D:1      | Reached XP level 1. HP: 14/14 MP: 5/5
    59 | D:1      | Reached XP level 2. HP: 20/20 MP: 3/6
   253 | D:1      | Reached XP level 3. HP: 26/26 MP: 3/8
   484 | D:1      | Glimpsed the power of Zot.
   534 | D:1      | Glimpsed the power of Zot.
   573 | D:1      | Glimpsed the power of Zot.
   583 | D:1      | Touched by the power of Zot.
   750 | D:2      | Noticed Jessica
   753 | D:2      | Killed Jessica
   754 | D:2      | Reached XP level 4. HP: 25/25 MP: 8/11
   929 | D:2      | Reached XP level 5. HP: 30/30 MP: 10/12
   975 | D:2      | Reached skill level 5 in Earth Magic
  1009 | D:2      | Found Ihabb's Armour Shoppe.
  1270 | D:2      | Glimpsed the power of Zot.
  1320 | D:2      | Glimpsed the power of Zot.
  1360 | D:2      | Glimpsed the power of Zot.
  1370 | D:2      | Touched by the power of Zot.
  1470 | D:2      | Glimpsed the power of Zot.
  1491 | D:3      | Found an opulent altar of Gozag.
  1511 | D:3      | Noticed Ijyb
  1514 | D:3      | Paralysed by Ijyb for 2 turns
  1523 | D:3      | Killed Ijyb
  1649 | D:3      | Identified the +0 chain mail of Sloth {MP+9 Dex+2}
  1662 | D:3      | Identified the +2 leather armour of Ignis's Envy {Str+7}
  1756 | D:3      | Found a faded altar of an unknown god.
  1760 | D:3      | Found a stormy altar of Qazlal.
  1792 | D:3      | Found a hide-covered altar of Uskayaw.
  2054 | D:3      | Glimpsed the power of Zot.
  2158 | D:4      | Reached skill level 5 in Spellcasting
  2164 | D:4      | Learned a level 3 spell: Stone Arrow
  2168 | D:4      | Learned a level 2 spell: Passwall
  2216 | D:4      | Noticed dialouliti's ghost (amateur MiFi)
  2219 | D:4      | Found a runed translucent door.
  2224 | D:4      | Noticed an ice beast
  2228 | D:4      | Slain by an ice beast

Illustrated notes

Levels and vault maps discovered:
D:1:      lightli_arrival_flooded_house, layout_basic, nicolae_eternal_life
D:2:      layout_loops_corners, serial_aquarium, aquarium_bridge_island_small
          [aquarium_subvault_small_water, aquarium_subvault_balcony,
          aquarium_subvault_bridge, aquarium_subvault_balcony,
          aquarium_subvault_bridge], aquarium_window_1, aquarium_window_1,
          aquarium_view_2f, aquarium_view_2e, serial_shops, shop, uniq_jessica
D:3:      layout_rooms, nicolae_overflow_ecumenical_swirl,
          nicolae_overflow_hidden_temple, grunt_gozag_statues,
          kennysheep_pointless_box, roderic_three_in_a_row, uniq_ijyb
D:4:      layout_cave_pods, nzn_hepliaklqana_mist_gate,
          hellmonk_ghost_happy_afterlife, nicolae_hexahallways

Skill      XL: |  1  2  3  4  5 |
---------------+----------------+-----
Earth Magic    | 4 5 |  5.3
Spellcasting   | 3 4 5 |  5.0
Dodging        | |  2.6
Stealth        | |  1.4
Transmutations | |  1.5

Action                     |  1- 3 |  4- 6 || total
---------------------------+-------+-------++-------
  Melee: Glaive            |       |    10 ||    10
   Cast: Sandblast         |    36 |    57 ||    93
    Use: Scroll            |       |     6 ||     6
         Potion            |       |     2 ||     2
 Armour: Robe              |     2 |     2 ||     4
  Dodge: Dodged            |     6 |    19 ||    25
